 Dungeon Crawl Stone Soup version 0.24.0-1-gfbc8707 (webtiles) character file.

Game seed: 6056456788032163002, levelgen mode: deterministic

1113 Fang the Skirmisher (level 8, -3/76 HPs)
             Began as a Gargoyle Berserker on Oct 29, 2019.
             Was an Elder of Trog.
             Killed by divine providence
             ... invoked by an orc priest
              (13 damage)
             ... on level 6 of the Dungeon.
             The game lasted 00:05:36 (6411 turns).

Fang the Skirmisher (Gargoyle Berserker)            Turns: 6411, Time: 00:05:37

Health: -3/76      AC: 15    Str: 28    XL:     8   Next: 33%
Magic:  8/8        EV: 10    Int:  8    God:    Trog [****..]
Gold:   171        SH:  0    Dex:  9    Spells: 7/7 levels left

rFire    . . .     SeeInvis +   a - +0 hand axe
rCold    . . .     Gourm    .   (no shield)
rNeg     + . .     Faith    .   b - +0 chain mail
rPois    ∞         Spirit   .   (no helmet)
rElec    +         Reflect  .   (no cloak)
rCorr    .         Harm     .   (no gloves)
MR       .....                  (no boots)
Stlth    ..........             (no amulet)
HPRegen  0.22/turn              o - ring of see invisible
MPRegen  0.11/turn              w - ring of flight

@: berserking, slowed
A: negative energy resistance 1, electricity resistance, unbreathing,
petrification resistance, rot immunity, AC +5
a: Berserk, Trog's Hand, Brothers in Arms, Renounce Religion, Evoke Flight


You were on level 6 of the Dungeon.
You worshipped Trog.
Trog was greatly pleased with you.
You were near starving.

You visited 2 branches of the dungeon, and saw 7 of its levels.

You collected 171 gold pieces.

Inventory:

Hand Weapons
 a - a +0 hand axe (weapon)
Armour
 b - a +0 chain mail (worn)
Jewellery
 o - a ring of see invisible (left hand)
 w - a ring of flight (right hand)
Wands
 k - a wand of enslavement (7)
Scrolls
 d - 2 scrolls of blinking {unknown}
 e - a scroll of noise {unknown}
 g - 6 scrolls of identify {unknown}
 h - 3 scrolls of magic mapping {unknown}
 j - 2 scrolls of teleportation {unknown}
 n - 2 scrolls of amnesia {unknown}
 q - a scroll of random uselessness {unknown}
 r - a scroll of remove curse {unknown}
 v - a scroll of fear {unknown}
Potions
 f - 3 potions of curing {unknown}
 i - a potion of haste {unknown}
 l - 3 potions of agility
 m - 2 potions of lignification {unknown}
 p - a potion of flight {unknown}
 s - a potion of degeneration {unknown}
 t - a potion of ambrosia {unknown}
 u - a potion of invisibility {unknown}
 x - a potion of brilliance {unknown}
Comestibles
 c - 7 rations


   Skills:
 + Level 6.1 Fighting
 + Level 5.0 Axes
 + Level 5.6 Armour
 + Level 4.2 Dodging


You had 7 spell levels left.
You didn't know any spells.
Your spell library was empty.

Dungeon Overview and Level Annotations

Branches:
Dungeon (6/15)             Temple (1/1) D:4

Altars:
Cheibriados
Ru
Trog
Uskayaw
Zin


Innate Abilities, Weirdness & Mutations

You are resistant to torment.
Your stone body is resilient. (AC +5)
You are immune to poison.
You resist negative energy. (rN+)
You are resistant to electric shocks. (rElec)
You can survive without breathing.
You are immune to petrification.
You are immune to rotting.


Message History

* * * LOW HITPOINT WARNING * * *
The crimson imp closely misses you.
Your chain mail prevents you from hitting the orc priest.
The orc priest is almost dead.
You closely miss the orc wizard. You closely miss the crimson imp.
The orc wizard barely misses you.
The orc priest hits you but does no damage.
The crimson imp hits you but does no damage.
The orc wizard mumbles some strange words.
The orc wizard blinks!
Your chain mail prevents you from hitting the orc priest.
The orc priest is almost dead.
You hit the crimson imp. The orc priest closely misses you.
The crimson imp barely misses you.
You closely miss the orc priest.
The orc priest is almost dead.
You hit the crimson imp.
The orc priest calls down the wrath of Beogh upon you.
Beogh smites you!
You die...

....>......#
...........## ..
#########...# ##.
# ##..## #.. #...#
##..# #
###...###... ##
###[[...#....
.#####..[).###..5#
#.......#### #.o@#
##.....##
##.§######.
##...## #.........
##..## #..o....##
##..## ##.....##
##..## ##....##
##..## ##......#
##..####...##.(#
##..##...## #..#


You could see an orc priest, an orc wizard and a crimson imp.

Vanquished Creatures
  An orc warrior (D:6)
  A phantom (D:6)
  2 ogres
  2 centaurs (D:5)
  Blork the orc (D:5)
  A bullfrog zombie (D:5)
  2 hounds
  An orc priest (D:6)
  A centaur skeleton (D:4)
  2 orc wizards
  2 worker ants (D:5)
  A hound skeleton (D:4)
  Robin (D:3)
  9 adders
  3 gnolls (D:5)
  A shadow imp (D:5)
  An ooze (D:4)
  An adder skeleton (D:4)
  4 worms
  4 dart slugs
  6 leopard geckos
  17 orcs
  A ball python (D:4)
  8 giant cockroaches
  12 goblins
  16 hobgoblins
  12 jackals
  10 bats
  3 frilled lizards
  7 kobolds
  A leopard gecko zombie (D:6)
  10 rats
144 creatures vanquished.

Notes
Turn   | Place    | Note
-------+----------+-------------------------------------------
     0 | D:1      | Fang the Gargoyle Berserker began the quest for the Orb.
     0 | D:1      | Reached XP level 1. HP: 14/14 MP: 1/1
    71 | D:1      | Reached XP level 2. HP: 13/19 MP: 2/2
   289 | D:1      | Reached XP level 3. HP: 21/23 MP: 3/3
   509 | D:1      | Reached ** piety under Trog
  1232 | D:2      | Found a snail-covered altar of Cheibriados.
  1356 | D:2      | Reached XP level 4. HP: 6/29 MP: 4/4
  1712 | D:2      | Found a faded altar of an unknown god.
  1779 | D:2      | Noticed a moth of wrath
  1782 | D:2      | Found a bloodstained altar of Trog.
  1988 | D:2      | Reached skill level 4 in Fighting
  2313 | D:2      | Found a glowing silver altar of Zin.
  2484 | D:3      | Reached *** piety under Trog
  2646 | D:3      | Found a sacrificial altar of Ru.
  2650 | D:3      | Reached XP level 5. HP: 33/33 MP: 5/5
  2669 | D:3      | Noticed Robin
  2685 | D:3      | Killed Robin
  3267 | D:3      | Found a sacrificial altar of Ru.
  3268 | D:3      | Found a hide-covered altar of Uskayaw.
  3508 | D:4      | Reached XP level 6. HP: 26/39 MP: 6/6
  3743 | D:4      | Reached **** piety under Trog
  4062 | D:4      | Found a staircase to the Ecumenical Temple.
  4085 | D:4      | Reached skill level 5 in Fighting
  4154 | Temple   | Entered the Ecumenical Temple
  4496 | D:5      | Entered Level 5 of the Dungeon
  4516 | D:5      | Reached XP level 7. HP: 30/44 MP: 7/7
  5055 | D:5      | Noticed Blork the orc
  5072 | D:5      | Killed Blork the orc
  5072 | D:5      | Reached skill level 5 in Armour
  5800 | D:6      | Reached XP level 8. HP: 44/51 MP: 8/8
  6055 | D:6      | Reached skill level 6 in Fighting
  6063 | D:6      | Reached skill level 5 in Axes
  6411 | D:6      | Killed from afar by an orc priest

Levels and vault maps discovered:
D:1:      elethiomel_arrival_shortcut, layout_basic, kennysheep_pointless_box
D:2:      layout_rooms, kennysheep_slug_shrine, lemuel_doored_altar, tgw_trog,
          chequers_ecumenical_altar_simple, minmay_tetromino_l2
D:3:      layout_basic, nicolae_overflow_hidden_temple, first_ration,
          nicolae_ru_awakened_eye, uniq_robin
D:4:      layout_cave_pools, minmay_temple_entry_grid
D:5:      layout_basic, serial_bayou_crossing, uniq_blork_the_orc
D:6:      layout_layer_cave, trog_three_pillars_becter
Temple:   minmay_temple_curvy_loop

Skill      XL: |  1  2  3  4  5  6  7  8 |
---------------+-------------------------+-----
Dodging        | 2 3 4 |  4.2
Axes           | 3 4 5 |  5.0
Armour         | 3 4 5 |  5.6
Fighting       | 4 5 6 |  6.1

Action                   |  1- 3 |  4- 6 |  7- 9 || total
-------------------------+-------+-------+-------++-------
Melee: Hand axe          |   155 |   343 |   159 ||   657
Invok: Berserk           |       |     4 |     4 ||     8
       Trog's Hand       |       |       |     1 ||     1
 Stab: Sleeping          |     1 |       |       ||     1
  Eat: Chunk             |     1 |    12 |     5 ||    18
       Ration            |       |     1 |     1 ||     2
Armor: Animal skin       |    72 |   115 |    34 ||   221
       Chain mail        |       |       |    53 ||    53
Dodge: Dodged            |   137 |   242 |   104 ||   483
